 Dungeon Crawl Stone Soup version 0.17-a0-1805-g6093636 (webtiles) character file.

852 hexophile the Charlatan (level 7, -2/32 HPs)
             Began as a Spriggan Artificer on Sept 13, 2015.
             Was an Initiate of Cheibriados.
             Slain by asdu's ghost (17 damage)
             ... on level 6 of the Dungeon.
             The game lasted 00:17:07 (5848 turns).

hexophile the Charlatan (Spriggan Artificer)        Turns: 5848, Time: 00:17:08

Health: -2/32      AC:  8    Str: 12    XL:     7   Next: 69%
Magic:  12/12      EV: 19    Int: 15    God:    Cheibriados [......]
Gold:   134        SH:  0    Dex: 24    Spells: 0 memorised, 6 levels left

rFire  + + .     SeeInvis +     r - +3 dagger (protect)
rCold  . . .     Clarity  .     b - +0 robe
rNeg   + . .     SustAt   .     (shield restricted)
rPois  .         Gourm    .     (helmet restricted)
rElec  .         Spirit   .     g - +0 cloak
rCorr  .         Warding  .     (gloves unavailable)
rMut   .         Stasis   .     (boots unavailable)
MR     +....                    (no amulet)
Stlth  +++.......               k - +5 ring of dexterity
                                h - ring of positive energy

@: quick, somewhat resistant to hostile enchantments, fairly stealthy
A: unfitting armour, thin skeletal structure 1, see invisible, fire resistance
2, herbivore 3, speed 3, slow metabolism 2, strong 1
a: Bend Time, Renounce Religion


You were on level 6 of the Dungeon.
You worshipped Cheibriados.
Cheibriados was noncommittal.
You were not hungry.

You visited 2 branches of the dungeon, and saw 7 of its levels.
You also visited: Ossuary.

You collected 268 gold pieces.
You spent 134 gold pieces at shops.

Inventory:

Hand weapons
 r - a +3 dagger of protection (weapon)
Armour
 b - a +0 robe (worn)
 g - a +0 cloak (worn)
Jewellery
 h - a ring of positive energy (left hand)
 k - a +5 ring of dexterity (right hand)
Magical devices
 c - a wand of flame (0)
 d - a wand of enslavement (5)
Scrolls
 e - 3 scrolls of amnesia
 i - 2 scrolls of immolation
 q - a scroll of identify
Potions
 j - a potion of cancellation
 l - 2 potions of invisibility {unknown}
 m - 2 potions of curing {unknown}
 n - 4 potions of lignification
 o - 3 potions of haste {unknown}
Books
 a - a book of the Sky

   Spells                             Type                      Level
   a - Summon Lightning Spire         Summoning/Air                4
   b - Airstrike                      Air                          4
   c - Silence                        Hexes/Air                    5
   d - Deflect Missiles               Charms/Air                   6
   e - Conjure Ball Lightning         Conjuration/Air              6
   f - Tornado                        Air                          9
 p - a book of Conjurations

   Spells                             Type                      Level
   a - Magic Dart                     Conjuration                  1
   b - Searing Ray                    Conjuration                  2
   c - Dazzling Spray                 Conjuration/Hexes            3
   d - Fulminant Prism                Conjuration/Hexes            4
   e - Iskenderun's Mystic Blast      Conjuration                  4
   f - Iskenderun's Battlesphere      Conjuration/Charms           5
 s - a book of Cantrips

   Spells                             Type                      Level
   a - Corona                         Hexes                        1
   b - Animate Skeleton               Necromancy                   1
   c - Summon Small Mammal            Summoning                    1
   d - Apportation                    Translocation                1
Comestibles
 f - 4 bread rations


   Skills:
 - Level 0.7 Fighting
 * Level 5.1 Short Blades
 - Level 3.0 Dodging
 - Level 1.5 Stealth
 - Level 3.3 Unarmed Combat
 * Level 4.1 Invocations
 - Level 6.6 Evocations


You had 6 spell levels left.
You didn't know any spells.

Dungeon Overview and Level Annotations

Branches:
Dungeon (6/15)             Temple (1/1) D:5

Altars:
Ashenzari
Cheibriados
Dithmenos
Fedhas
Gozag
Kikubaaqudgha
Makhleb
Nemelex Xobeh
Okawaru
Qazlal
Ru
Sif Muna
Trog
Xom

Shops:
D:4 (   D:6 !

Annotations:
D:3 srsly?
D:6 asdu's ghost, experienced DDFi


Innate Abilities, Weirdness & Mutations

You are tiny and cannot use many weapons and most armour.
You have supernaturally acute eyesight.
You are a herbivore.
You cover ground extremely quickly.
You need consume almost no food.
You have a somewhat thin skeletal structure (Dex +2, Stealth).
Your flesh is very heat resistant.
Your muscles are strong. (Str +2)


Message History

The giant frog zombie barely misses you.
Evoke which item? (* to show all) (? for menu, Esc to quit)
Zapping:
c - a wand of flame (2)
Press: ? - help, Shift-Dir - straight line, f/p - asdu's ghost
Aim: asdu's ghost (lightly damaged)
The puff of flame hits the giant frog zombie.
This wand has 1 charge left.
The giant frog zombie hits you.
Evoke which item? (* to show all) (? for menu, Esc to quit)
Zapping:
c - a wand of flame (1)
Press: ? - help, Shift-Dir - straight line, f/p - asdu's ghost
Aim: asdu's ghost (lightly damaged)
The puff of flame hits the giant frog zombie.
You destroy the giant frog zombie!
Cheibriados appreciates the change of pace.
This wand has 0 charges left.
Evoke which item? (* to show all) (? for menu, Esc to quit)
This wand has no charges.
Asdu's ghost hits you!
Ouch! That really hurt!
You die...

#.........####....
#.........# #.#..
#.........# #.##.
##.......## #†##.
##......#####.##.
#####.........).
##### #....####.####
##...###....###..#
#...@.#........).#
#..W........#.....#
##...#######.......#
##### ##.....##
##...## ##.## ###


You could see asdu's ghost.

Vanquished Creatures
  Sigmund (D:6)
  An ice beast (D:5)
  A giant frog (D:6)
  A scorpion (D:4)
  A worker ant (D:5)
  2 crimson imps (D:4)
  A giant frog zombie (D:6)
  2 orc priests (D:3)
  A hound zombie (D:6)
  A hound skeleton (D:5)
  2 adders (D:3)
  4 worms
  A giant gecko (D:3)
  2 orcs
  6 giant cockroaches
  A gnoll zombie (Ossuary)
  4 goblins
  5 hobgoblins
  A quokka (D:2)
  11 bats
  2 giant newts
  A goblin zombie (Ossuary)
  A jackal zombie (D:5)
  4 kobolds
  A quokka zombie (D:5)
  8 rats
66 creatures vanquished.

Vanquished Creatures (collateral kills)
  A necrophage (D:6)
  A giant frog (D:6)
  2 hounds
  A giant frog skeleton (D:5)
  A jelly (D:6)
  An adder (D:5)
  An orc (D:3)
  A giant cockroach (D:6)
9 creatures vanquished.

Vanquished Creatures (others)
  A centaur (D:6)
  An orc (D:3)
2 creatures vanquished.

Grand Total: 77 creatures vanquished

Notes
Turn   | Place    | Note
--------------------------------------------------------------
     0 | D:1      | hexophile the Spriggan Artificer began the quest for the Orb.
     0 | D:1      | Reached XP level 1. HP: 9/9 MP: 4/4
   674 | D:2      | Reached skill level 1 in Unarmed Combat
   674 | D:2      | Reached XP level 2. HP: 7/14 MP: 6/6
  1087 | D:4      | Found a shimmering altar of Xom.
  1148 | D:3      | Found a blossoming altar of Fedhas.
  1245 | D:4      | Found Ebluestru's Antique Weapon Emporium.
  1252 | D:4      | Bought a runed dagger for 62 gold pieces
  1344 | D:5      | Entered Level 5 of the Dungeon
  1380 | D:5      | Found a deep blue altar of Sif Muna.
  1396 | D:5      | Reached XP level 3. HP: 8/17 MP: 7/7
  1420 | D:5      | Found a sand-covered staircase.
  1429 | Ossuary  | Entered an ossuary
  1653 | Ossuary  | Noticed a mummy
  1657 | Ossuary  | Noticed a mummy
  1687 | D:5      | Reached skill level 5 in Evocations
  1713 | D:5      | Found a sacrificial altar of Ru.
  1720 | D:5      | Found a stormy altar of Qazlal.
  1751 | D:5      | Found a staircase to the Ecumenical Temple.
  1760 | Temple   | Entered the Ecumenical Temple
  1942 | Temple   | Became a worshipper of Cheibriados the Contemplative
  2087 | D:5      | Noticed an ice beast
  2093 | D:5      | HP: 1/17 [ice beast (14)]
  2094 | D:5      | Killed an ice beast
  2094 | D:5      | Reached skill level 6 in Evocations
  2094 | D:5      | Reached XP level 4. HP: 1/21 MP: 7/9
  2094 | D:5      | Reached XP level 5. HP: 1/25 MP: 7/10
  2134 | D:4      | Noticed a scorpion
  2137 | D:4      | Was placed under penance by Cheibriados
  2138 | D:4      | Killed a scorpion
  2366 | D:4      | Was forgiven by Cheibriados
  2398 | D:3      | Found an iron altar of Okawaru.
  2593 | D:2      | Found an opulent altar of Gozag.
  2958 | D:2      | Gained mutation: Your flesh is heat resistant. [potion of beneficial mutation]
  2959 | D:2      | Gained mutation: You have a somewhat thin skeletal structure (Dex +2, Stealth). [potion of beneficial mutation]
  2962 | D:2      | Gained mutation: Your muscles are strong. (Str +2) [potion of beneficial mutation]
  3652 | D:1      | Found a shimmering altar of Xom.
  3903 | D:3      | Reached XP level 6. HP: 13/29 MP: 11/11
  4277 | D:3      | Reached skill level 1 in Invocations
  4932 | D:5      | Gained mutation: Your flesh is very heat resistant. [potion of beneficial mutation]
  5460 | D:6      | Found a bloodstained altar of Trog.
  5460 | D:6      | Noticed asdu's ghost (experienced DDFi)
  5469 | D:6      | Noticed Sigmund
  5504 | D:6      | Reached XP level 7. HP: 20/32 MP: 12/12
  5562 | D:6      | Killed Sigmund
  5715 | D:6      | Found Istruisich's Distillery.
  5723 | D:6      | Bought a potion of lignification for 36 gold pieces
  5723 | D:6      | Bought a potion of lignification for 36 gold pieces
  5730 | D:6      | Reached skill level 5 in Short Blades
  5848 | D:6      | Slain by asdu's ghost

Vault maps used:
D:1:      sevenhm_arrival_forest_fort_small_6
D:2:      lemuel_crystal_altar
D:3:      okawaru_ov_weapons_minmay, fedhas_altar_4, item_on_display_a
D:4:      led_xom_imps, serial_shops, shop
D:5:      lemuel_doored_altar, minmay_temple_entry_statues_fountains,
          nicolae_ossuary_entry_ruins, first_bread, minivault_27,
          hangedman_feature_mirror, grunt_ministairs_10
D:6:      lemuel_ratsnest, serial_shops,
          nicolae_shop_temple_entry_statues_fountains, bloody_trog, uniq_sigmund
Temple:   minmay_temple_curvy_8
Ossuary:  minmay_ossuary_gauntlet

Action                   |  1- 3 |  4- 6 |  7- 9 || total
-------------------------+-------+-------+-------++-------
Melee: Short sword       |    34 |       |       ||    34
       Dagger            |    20 |   197 |    24 ||   241
Evoke: Wand              |    20 |    14 |     6 ||    40
  Use: Scroll            |     9 |     2 |       ||    11
       Potion            |       |     6 |       ||     6
 Stab: Sleeping          |       |     4 |       ||     4
       Distracted        |       |     1 |       ||     1
  Eat: Pizza             |       |     1 |       ||     1
       Fruit             |       |     2 |       ||     2
